 Dungeon Crawl Stone Soup version 0.32-a0-933-ga8fa3634e4 (webtiles) character file.

Game seed: 12424791234714383219

30946 Cancer the Fighter (level 13, -3/186 HPs)
             Began as a Minotaur Berserker on Apr 15, 2024.
             Was a High Priest of Trog.
             Slain by a cane toad (22 damage)
             ... on level 2 of the Lair of Beasts.
             The game lasted 01:12:15 (17844 turns).

Cancer the Fighter (Minotaur Berserker)            Turns: 17844, Time: 01:12:15

Health: -3/186     AC: 20    Str: 27    XL:     13   Next: 23%
Magic:  21/21      EV: 10    Int:  4    God:    Trog [*****.]
Gold:   1031       SH: 11    Dex: 16    Spells: 12/12 levels left

rFire   . . .        A - +2 hand axe (heavy)
rCold   . . .        r - +0 buckler
rNeg    . . .        i - +0 plate armour
rPois   .            (helmet restricted)
rElec   .            (no cloak)
rCorr   .            u - +0 pair of gloves of Botuqow {MP+9}
SInv    +            p - +1 pair of boots
Will    .....        K - amulet of reflection Stlth
                     X - +6 ring of dexterity
HPRegen 0.51/turn    H - ring of see invisible
MPRegen 0.17/turn

%: reflection
@: berserking, lethally poisoned (-3 -> -10), very quick
A: horns 2, retaliatory headbutt
a: Renounce Religion, Berserk, Trog's Hand, Brothers in Arms


You were on level 2 of the Lair of Beasts.
You worshipped Trog.
Trog was extremely pleased with you.
You visited 3 branches of the dungeon, and saw 16 of its levels.
You also visited: Sewer.

You collected 1031 gold pieces.

Inventory:

Hand Weapons
 e - the +10 halberd "Kyumyi" {flame, Str+5 Int-3 Dex+5}
   (Trog gifted it to you on level 1 of the Lair of Beasts)

   Str+5:     It affects your strength (+5).
   Int-3:     It affects your intelligence (-3).
   Dex+5:     It affects your dexterity (+5).
 j - a +0 sling
 m - a +2 antimagic falchion
 s - a +2 flail of draining
 A - a +2 heavy hand axe (weapon)
 Q - a +3 spear of venom
 Y - a +0 battleaxe of flaming
Armour
 g - a +2 robe of positive energy
 i - a +0 plate armour (worn)
 p - a +1 pair of boots (worn)
 r - a +0 buckler (worn)
 u - the +0 pair of gloves of Botuqow (worn) {MP+9}
   (You found it on level 3 of the Dungeon)

   MP+9:      It affects your magic capacity (+9).
 V - +0 acid dragon scales
Jewellery
 b - a +6 ring of intelligence
 c - a ring of magical power
 d - a ring of fire
 h - a ring of see invisible
 H - a ring of see invisible (right hand)
 K - an amulet of reflection (around neck)
 X - a +6 ring of dexterity (left hand)
 Z - a ring of fire
Scrolls
 a - a scroll of revelation {unknown}
 n - 5 scrolls of teleportation
 v - 2 scrolls of fear
 w - a scroll of acquirement {unknown}
 x - 2 scrolls of immolation {unknown}
 B - 2 scrolls of fog {unknown}
 D - 2 scrolls of vulnerability {unknown}
 F - 3 scrolls of butterflies
 R - a scroll of noise {unknown}
 T - a scroll of amnesia {unknown}
 W - a scroll of blinking {unknown}
Potions
 f - a potion of brilliance {unknown}
 k - a potion of lignification {unknown}
 l - 4 potions of curing
 q - 2 potions of mutation
 t - a potion of invisibility {unknown}
 z - a potion of heal wounds {unknown}
 G - a potion of resistance {unknown}
 I - a potion of haste {unknown}
 M - a potion of ambrosia {unknown}
 O - a potion of berserk rage {unknown}
 P - a potion of might {unknown}
 S - a potion of attraction {unknown}
 U - a potion of magic {unknown}
Miscellaneous
 N - a lightning rod (4/4)


   Skills:
 + Level 14.3 Fighting
 - Level 14.0 Axes
 + Level 14.1 Armour
 - Level 8.0 Dodging
 + Level 3.5 Stealth
 - Level 8.0 Shields
 - Level 3.0 Evocations


You had 12 spell levels left.
You didn't know any spells.
Your spell library was empty.

Dungeon Overview and Level Annotations

Branches:
Dungeon (13/15)            Temple (1/1) D:7            Lair (2/5) D:9
    Orc (0/2) D:12          Sewer (visited)
  Swamp: Lair:2-3    Shoals: Lair:2-3     Snake: Lair:2-3    Spider: Lair:2-3
 Vaults: D:13-14

Altars:
Ashenzari
Cheibriados
Dithmenos
Elyvilon
Fedhas
Gozag
Hepliaklqana
Kikubaaqudgha
Makhleb
Nemelex Xobeh
Okawaru
Qazlal
Ru
Sif Muna
Trog
Uskayaw
Vehumet
Wu Jian
Xom
Yredelemnul
Zin
The Shining One

Shops:
D:5 [!([   D:6 :*

Annotations:
D:1 b4
D:2 wall
D:6 water
D:9 stash
D:13 blep, hydra
Lair:1 stash


Innate Abilities, Weirdness & Mutations

You have a pair of horns on your head.
You reflexively headbutt those who attack you in melee.


Message History

The moth of wrath goads the cane toad on!
The cane toad goes berserk!
The cane toad stings you.
You are poisoned.
The cane toad poisons you!
Unknown command.
You slash the moth of wrath! You headbutt the moth of wrath.
You kill the moth of wrath!
Trog accepts your kill.
You slash the dream sheep! You slash the cane toad! You hit the blink frog.
You feel very sick. You block the blink frog's attack.
The dream sheep completely misses you.
The cane toad stings you but does no damage.
The blink frog hits you. The dream sheep headbutts you.
Unknown command.
You barely miss the dream sheep.
You headbutt the dream sheep, but do no damage.
The dream sheep is almost dead.
You miss the blink frog. You hit the cane toad.
You feel very sick.
The cane toad stings you but does no damage.
The cane toad stings you!! The dream sheep completely misses you.
You furiously retaliate!
You headbutt the dream sheep!
You kill the dream sheep!
Trog accepts your kill. You block the blink frog's attack.
Unknown command.
You closely miss the cane toad. Your headbutt misses the cane toad.
The cane toad is moderately wounded.
You hit the blink frog but do no damage.
You feel very sick. The cane toad closely misses you. The blink frog hits you!
The cane toad stings you!!
* * * LOW HITPOINT WARNING * * *
Unknown command.
A red film seems to cover your vision as you go berserk!
You feel yourself moving faster!
You feel mighty!
You feel very sick. You block the cane toad's attack.
You block the blink frog's attack. The cane toad stings you!!
You die...

......................##
.......................#
.......................##
.....####.©.####......#.#
...###..#####..##......##
..##..#.??"=....#..#...#
#.#....###"..##.##.#...#
..##F#.....#.....#..#.##
#..#...#..©..##F@#.#...#
...#.F##Y.#.....F#..#.##
#..#...F#...#...##..+.P#
##.##......#....#..##..#
.#..##.###..#####..#..##
.....###©####.....###.##
.......................#
......................##
......................#


You could see a cane toad (berserk) and a blink frog.

Vanquished Creatures
  The ghost of legrandkwe the Thaumaturge, a journeyman DjSu of Fedhas (Lair:2)
  A hydra (D:9)
  An ogre mage (D:13)
  4 boulder beetles
  4 two-headed ogres
  A skyshark (Lair:2)
  A deep elf pyromancer (D:10)
  A moth of wrath (Lair:2)
  2 cyclopes
  An unseen horror (D:10)
  3 cane toads
  2 rime drakes
  A komodo dragon (Lair:2)
  2 trolls (D:12)
  3 hornets
  2 raiju (D:9)
  13 blink frogs
  A dream sheep (Lair:2)
  3 shadows
  A vampire (D:11)
  A wyvern (Lair:2)
  3 basilisks
  39 yaks
  3 steam dragons
  2 vampire mosquitoes (D:12)
  An acid dragon (D:10)
  12 water moccasins
  Duvessa (D:4)
  7 orc warriors
  2 laughing skulls (D:13)
  2 ice beasts
  2 sky beasts (D:7)
  5 black bears
  4 ogres
  14 wolves
  13 centaurs
  A phantom (D:5)
  2 kobold brigands
  3 gnoll sergeants
  7 bullfrogs
  3 scorpions
  2 brain worms (Sewer)
  9 wights
  Dowan (D:4)
  4 killer bees (D:7)
  5 electric eels
  3 howler monkeys
  3 hounds
  2 bombardier beetles
  A gnoll bouda (D:5)
  8 orc priests
  3 iguanas
  4 sleepcaps
  12 orc wizards
  6 hell rats (Lair:2)
  17 gnolls
  14 adders
  4 river rats
  4 shadow imps
  2 white imps
  2 ufetubi (D:5)
  2 ribbon worms
  3 dart slugs
  49 orcs
  8 ball pythons
  3 endoplasms
  3 giant cockroaches
  5 goblins
  5 hobgoblins
  10 jackals
  12 kobolds
  4 quokkas
  8 bats
  6 frilled lizards
  9 rats
408 creatures vanquished.

Notes
Turn   | Place    | Note
-------+----------+-------------------------------------------
     0 | D:1      | Cancer the Minotaur Berserker began the quest for the Orb.
     0 | D:1      | Reached XP level 1. HP: 19/19 MP: 0/0
   333 | D:1      | Reached XP level 2. HP: 19/26 MP: 1/1
  1137 | D:2      | Reached skill level 5 in Axes
  1137 | D:2      | Reached XP level 3. HP: 31/31 MP: 2/2
  1305 | D:2      | Found a faded altar of an unknown god.
  1305 | D:2      | Noticed a ynoxinul
  1566 | D:2      | Reached XP level 4. HP: 37/39 MP: 3/3
  1596 | D:2      | Reached ** piety under Trog
  2244 | D:3      | Identified the +0 pair of gloves of Botuqow {MP+9}
  2689 | D:4      | Noticed Dowan
  2690 | D:4      | Noticed Duvessa
  2735 | D:4      | Noticed an ogre
  2754 | D:4      | Killed an ogre
  2755 | D:4      | Reached XP level 5. HP: 16/45 MP: 4/4
  3178 | D:4      | Noticed an ogre
  3190 | D:4      | Killed an ogre
  3191 | D:4      | Reached XP level 6. HP: 22/51 MP: 5/5
  3595 | D:4      | Killed Duvessa
  3609 | D:4      | Killed Dowan
  3775 | D:5      | Entered Level 5 of the Dungeon
  3827 | D:5      | Reached skill level 1 in Shields
  3827 | D:5      | Reached XP level 7. HP: 41/58 MP: 6/6
  4017 | D:5      | Found Xalimeab's Armour Shop.
  4121 | D:5      | Found an iron altar of Okawaru.
  4476 | D:5      | Found Koetotol's Distillery.
  4622 | D:6      | Found an ornate altar of the Wu Jian Council.
  4641 | D:6      | Reached *** piety under Trog
  4751 | D:6      | Noticed a hornet
  4759 | D:6      | Reached XP level 8. HP: 63/67 MP: 7/7
  4761 | D:6      | Killed a hornet
  4762 | D:6      | Reached skill level 5 in Fighting
  4822 | D:6      | Reached skill level 10 in Axes
  4841 | D:6      | Found a glowing drain.
  4895 | Sewer    | Entered a sewer
  5114 | Sewer    | Reached skill level 5 in Armour
  5426 | D:6      | Reached **** piety under Trog
  5481 | D:6      | Reached skill level 5 in Dodging
  5490 | D:6      | Reached XP level 9. HP: 68/75 MP: 8/8
  5521 | D:6      | Found Qalam's General Store.
  5535 | D:6      | Found Cinum's Book Shop.
  5596 | D:6      | You fall into a shaft and drop 3 floors!
  5608 | D:9      | Reached skill level 5 in Shields
  6389 | D:9      | Reached XP level 10. HP: 71/86 MP: 9/9
  6968 | D:9      | Noticed a six-headed hydra
  7344 | D:9      | Found a staircase to the Lair.
  7657 | D:8      | Found a shimmering blue altar of Sif Muna.
  7945 | D:8      | Reached ***** piety under Trog
  8763 | D:8      | Found an ancient bone altar of Kikubaaqudgha.
  8764 | D:8      | Found a hide-covered altar of Uskayaw.
  8941 | D:7      | Found a staircase to the Ecumenical Temple.
  8950 | Temple   | Entered the Ecumenical Temple
  9582 | D:7      | Identified the +3 robe of the Little Devil {MP+9 Dex+4
                  | Slay-4 Archmagi}
 10042 | D:5      | Found Litiad's Armour Shop.
 10054 | D:5      | Found Bedywni's Antique Weapon Boutique.
 10370 | D:10     | Entered Level 10 of the Dungeon
 10419 | D:10     | Found a glowing silver altar of Zin.
 10419 | D:10     | Found Zin's Purification Station.
 10550 | D:10     | Found a bloodstained altar of Trog.
 10803 | D:10     | Reached XP level 11. HP: 92/95 MP: 10/10
 10867 | D:10     | Noticed a boulder beetle
 10875 | D:10     | Noticed a deep elf pyromancer
 10890 | D:10     | Killed a deep elf pyromancer
 11045 | D:10     | Received a gift from Trog
 11125 | D:10     | Found a sparkling altar of Nemelex Xobeh.
 11499 | D:9      | Killed a three-headed hydra
 11632 | D:10     | Killed a boulder beetle
 11681 | D:11     | Reached skill level 1 in Evocations
 11991 | D:11     | Noticed a two-headed ogre
 12005 | D:11     | Killed a two-headed ogre
 12597 | D:11     | Reached skill level 10 in Fighting
 13116 | D:12     | Noticed a boulder beetle
 13125 | D:12     | Killed a boulder beetle
 13126 | D:12     | Reached skill level 10 in Armour
 13574 | D:12     | Found a staircase to the Orcish Mines.
 13583 | D:12     | Reached XP level 12. HP: 72/110 MP: 11/11
 14022 | D:12     | Noticed a boulder beetle
 14084 | D:12     | Killed a boulder beetle
 14412 | D:13     | Noticed an eight-headed hydra
 14412 | D:13     | Noticed a catoblepas
 14515 | D:13     | Noticed a two-headed ogre
 14516 | D:13     | Noticed a two-headed ogre
 14516 | D:13     | Noticed an ogre mage
 14516 | D:13     | Noticed a two-headed ogre
 14526 | D:13     | Killed a two-headed ogre
 14528 | D:13     | Killed a two-headed ogre
 14529 | D:13     | Killed a two-headed ogre
 14533 | D:13     | Killed an ogre mage
 14537 | D:13     | Noticed a tengu warrior
 14643 | Lair:1   | Entered Level 1 of the Lair of Beasts
 14967 | Lair:1   | Identified the +10 halberd "Kyumyi" {flame, Str+5 Int-3
                  | Dex+5} (Trog gifted it to you on level 1 of the Lair of
                  | Beasts)
 14967 | Lair:1   | Received a gift from Trog
 16190 | Lair:2   | Reached skill level 1 in Stealth
 16558 | Lair:2   | Reached XP level 13. HP: 88/123 MP: 12/12
 16806 | Lair:2   | Found a transporter.
 16809 | Lair:2   | Noticed legrandkwe's ghost (journeyman DjSu)
 17331 | Lair:2   | Found a transporter.
 17801 | Lair:2   | Killed legrandkwe's ghost
 17844 | Lair:2   | Slain by a cane toad

Illustrated notes

Levels and vault maps discovered:
D:1:      scummos_arrival_gate, layout_loops_corners,
          hangedman_abyss_or_decor_lesser_grid
D:2:      layout_loops_ring, dreamdust_ecumenical_altar_sealed_demon,
          grunt_decor_fettered
D:3:      layout_loops_cross
D:4:      layout_cave_pools, hangedman_decor_lopped, st_stairs_8,
          roderic_serpentine_path, uniq_duvessa
D:5:      layout_basic, okawaru_ov_weapons_minmay, serial_shops, shop,
          nicolae_shop_hallway_plus, nicolae_shop_just_a_little_nook, shop
D:6:      layout_rooms, mainiacjoe_overflow_cross_hatched, serial_shops, shop,
          nicolae_shop_tiny_real_fake_doors, portal_sewer_entry_a,
          chequers_serial_rivers_small_3, st_stairs_12, abandoned_shop
D:7:      layout_basic, minmay_temple_entry_waves, amcnicky_mini_pool_medium
D:8:      layout_loops_ring, mainiacjoe_overflow_boulevard,
          gammafunk_temple_overflow_pools
D:9:      layout_stronghold, lair_entry_dummy, chequers_serial_rivers_micro_d,
          nicolae_have_a_lightning_rod
D:10:     cheibrodos_steamvent, layout_basic, mainiacjoe_overflow_catwalk,
          nemelex_xobeh_ov_fountains_minmay, zin_purify, minmay_three_doors
D:11:     layout_stronghold
D:12:     layout_long_grid, hiddenorc2_lemuel
D:13:     layout_cave_pods, david_vaults_2, serial_column_ruins,
          column_ruins_square_small, column_ruins_hut, column_ruins_grid_1,
          column_ruins_corridor_straight, column_ruins_open_tiny,
          column_ruins_grid_1, column_ruins_grid_1,
          column_ruins_columns_straight, serial_shops, shop,
          nicolae_shop_gadgets, uniq_azrael, uniq_rupert, uniq_lodul
Temple:   dpeg_chambers_temple
Lair:1:   layout_long_grid
Lair:2:   layout_regular_city, gammafunk_ghost_berserking_beasts

Skill      XL: |  1  2  3  4  5  6  7  8  9 10 11 12 13 |
---------------+----------------------------------------+-----
Axes           | 4 5 6 7 8 9 10 11 13 14 | 14.0
Shields        | 1 3 4 6 7 8 |  8.0
Fighting       | 4 6 7 8 11 13 14 | 14.3
Armour         | 4 5 7 8 10 13 14 | 14.1
Dodging        | 3 5 6 7 8 |  8.0
Evocations     | 3 |  3.0
Stealth        | 2 3 |  3.5

Action                     |  1- 3 |  4- 6 |  7- 9 | 10-12 | 13-15 || total
---------------------------+-------+-------+-------+-------+-------++-------
  Melee: Hand axe          |    97 |   112 |   267 |   578 |    90 ||  1144
         Headbutt          |    10 |    17 |    62 |   122 |    24 ||   235
         Battleaxe         |       |       |       |     4 |       ||     4
 Invoke: Berserk           |       |     1 |     1 |     3 |     1 ||     6
    Use: Scroll            |       |       |       |    11 |       ||    11
 Armour: Animal skin       |    22 |       |       |       |       ||    22
         Ring mail         |    49 |    77 |   177 |   157 |       ||   460
         Plate armour      |       |       |       |   277 |    72 ||   349
  Dodge: Dodged            |    54 |    60 |   142 |   220 |    37 ||   513
  Block: Buckler           |       |       |       |   236 |    53 ||   289
         Other             |       |       |       |    29 |       ||    29
         Reflection        |       |       |       |    16 |       ||    16

Table legend: (Time is in decaauts)
 A = Elapsed time spent in this place.
 B = Non-inter-level travel time spent in this place.
 C = Inter-level travel time spent in this place.
 D = Time resting spent in this place.
 E = Time spent auto-exploring this place.
 F = Levels seen in this place.
 G = Mean time per level.
                   A        B        C        D        E       F      G
               +--------+--------+--------+--------+--------+-----+--------+
         Total |  18059 |  16179 |   1880 |   2318 |   8072 |  17 | 1062.3 |
       Dungeon |  14234 |  12563 |   1671 |   1920 |   6391 |  13 | 1094.9 |
        Temple |      1 |      1 |      0 |      0 |      0 |   1 |    1.0 |
          Lair |   3182 |   2973 |    209 |    398 |   1663 |   2 | 1591.0 |
         Sewer |    641 |    641 |      0 |      0 |     18 |   1 |  641.0 |
               +--------+--------+--------+--------+--------+-----+--------+

Top non-repeatable levels by time:
     D:9: 2411 daAuts
  Lair:2: 1692 daAuts
  Lair:1: 1489 daAuts
    D:11: 1413 daAuts
    D:12: 1355 daAuts
     D:8: 1253 daAuts
    D:10: 1147 daAuts
     D:7: 1075 daAuts
     D:5: 1050 daAuts
     D:1: 996 daAuts
     D:3: 941 daAuts
     D:4: 938 daAuts
     D:2: 914 daAuts
     D:6: 692 daAuts
   Sewer: 641 daAuts
